 Dungeon Crawl Stone Soup version 0.29.1-15-g9cfb28693d (webtiles) character file.

Game seed: 8769249271779028018

8634 LustLizard the Cleaver (level 11, -5/92 HPs)
             Began as a Hill Orc Fire Elementalist on Mar 5, 2023.
             Was a Believer of Uskayaw.
             Slain by an azure jelly (shapeshifter) (39 damage)
             ... on level 8 of the Dungeon.
             The game lasted 00:32:03 (12154 turns).

LustLizard the Cleaver (HOFE)                      Turns: 12154, Time: 00:32:03

Health: -5/92      AC:  9    Str: 16    XL:     11   Next: 33%
Magic:  18/18      EV: 11    Int: 15    God:    Uskayaw [**....]
Gold:   423        SH:  0    Dex: 11    Spells: 7/20 levels left

rFire   . . .      SeeInvis +   L - +0 war axe (spect)
rCold   . . .      Faith    .   (no shield)
rNeg    . . .      Spirit   .   p - +1 troll leather armour
rPois   .          Reflect  .   F - +0 helmet
rElec   .          Harm     .   G - +0 cloak
rCorr   .          Rampage  .   A - +0 pair of gloves
Will    .....                   Q - +0 pair of boots
Stlth   +.........              y - amulet of magic regeneration
HPRegen 1.05/turn               a - ring of see invisible
MPRegen 0.56/turn               (no ring)

@: no status effects
A: no striking features
a: Renounce Religion, Stomp, Line Pass


You were on level 8 of the Dungeon.
You worshipped Uskayaw.
Uskayaw was noncommittal.
You visited 1 branch of the dungeon, and saw 9 of its levels.
You also visited: Sewer.

You collected 513 gold pieces.
You spent 90 gold pieces at shops.

Inventory:

Hand Weapons
 L - a +0 spectral war axe (weapon)
Missiles
 o - 32 poisoned darts
 r - 2 throwing nets
Armour
 j - +0 steam dragon scales
 n - a +0 leather armour
 p - a +1 troll leather armour (worn)
 A - a +0 pair of gloves (worn)
 F - a +0 helmet (worn)
 G - a +0 cloak (worn)
 M - the +1 robe of Fashionability {rC+ Int-3 Dex+3}
   (You found it on level 6 of the Dungeon)

   Int:       It affects your intelligence (-3).
   Dex:       It affects your dexterity (+3).
   rC:        It protects you from cold.
 Q - a +0 pair of boots (worn)
Jewellery
 a - a ring of see invisible (left hand)
 y - an amulet of magic regeneration (around neck)
 z - an amulet of regeneration
Wands
 d - a wand of charming (4)
 E - a wand of roots (15)
 I - a wand of mindburst (13)
 K - a wand of polymorph (3)
Scrolls
 i - a scroll of magic mapping {unknown}
 m - 4 scrolls of immolation
 q - 4 scrolls of amnesia
 s - a scroll of torment {unknown}
 v - a scroll of brand weapon
 w - a scroll of summoning {unknown}
 B - a scroll of fog {unknown}
 D - a scroll of enchant armour
 J - 3 scrolls of poison
 N - a scroll of fear {unknown}
 O - a scroll of identify
Potions
 b - a potion of magic
 c - 2 potions of resistance
 f - a potion of curing
 g - a potion of haste
 k - 2 potions of ambrosia
 l - 3 potions of flight
 t - a potion of brilliance
 u - a potion of invisibility
 x - a potion of might {unknown}
 H - a potion of degeneration {unknown}
 P - a potion of heal wounds {unknown}


   Skills:
 + Level 7.4 Fighting
 * Level 10.7 Axes
 - Level 1.5 Dodging
 - Level 1.5 Stealth
 + Level 5.0 Spellcasting
 * Level 9.0 Conjurations
 - Level 2.0 Hexes
 + Level 8.3 Fire Magic
 - Level 3.6 Air Magic


You had 7 spell levels left.
You knew the following spells:

 Your Spells              Type           Power      Damage    Failure   Level
a - Foxfire               Conj/Fire      100%       2x1d9     1%          1
b - Scorch                Fire           56%        2d8       1%          2
c - Swiftness             Air            14%        N/A       13%         3
d - Flame Wave            Conj/Fire      29%        2d9       5%          4
e - Inner Flame           Hex/Fire       19%        N/A       8%          3

Your spell library contained the following spells:

 Spells                   Type           Power      Damage    Failure   Level
 Shock                    Conj/Air       88%        1d8       1%          1
 Conjure Flame            Conj/Fire      29%        6-21      1%          3
 Apportation              Tloc           6%         N/A       21%         1
 Airstrike                Air            7%         2d(1-17)  41%         4
 Alistair's Intoxication  Tmut/Pois      2%         N/A       99%         5


Dungeon Overview and Level Annotations

Branches:
Dungeon (9/15)             Temple (0/1) D:6            Lair (0/5) D:8
    Orc (0/2) D:9           Sewer (visited)

Altars:
Cheibriados
Fedhas
Makhleb
Nemelex Xobeh
Trog
Uskayaw
Yredelemnul
The Shining One

Shops:
D:5 ?

Annotations:
D:9 Harold


Message History

Magic restored.
There is a stone staircase leading down, spattered with blood here.
You start resting.
HP restored.
You start waiting.
Done waiting.
You climb downwards.
Level annotation: Harold The orc warrior shouts!
You hear a shout!
There is a stone staircase leading up here.
You conjure some foxfire!
You conjure some foxfire!
The foxfire hits the orc warrior but does no damage. x2
You conjure some foxfire!
The foxfire hits the azure jelly!
The azure jelly is burned terribly!
The azure jelly is lightly wounded.
The foxfire hits the orc warrior but does no damage.
The foxfire hits the azure jelly!
The azure jelly is burned terribly!
The azure jelly is moderately wounded.
The foxfire hits the orc warrior.
The orc warrior is lightly wounded.
The orc warrior throws a stone.
The stone hits you. The azure jelly hits you. The azure jelly freezes you!!
The azure jelly hits you. The azure jelly freezes you!!
The azure jelly hits you but does no damage.
The azure jelly hits you.
You can now pass through a line of other dancers.
You climb upwards.
There is a stone staircase leading down, spattered with blood here.
As you read the scroll labelled RAARYLA YNEJYB, it crumbles to dust.
It is a scroll of enchant armour.
Your +0 troll leather armour glows green for a moment.
The azure jelly hits you but does no damage.
The azure jelly completely misses you. x2; The azure jelly closely misses you.
As you read the scroll labelled SEMITE JEBBON, it crumbles to dust.
It is a scroll of brand weapon.
Your +0 war axe acquires a faint afterimage.
L - a +0 spectral war axe (weapon)
The azure jelly hits you. The azure jelly freezes you!!!
You die...

...# ##### ######.##....######
##.############..........###
....)...........#...###..#
#######.###...###.####..##
))(<..........##..###..##
########......#..###..## #
###......####.## ##...###....#
### #....J@.#### †.# #...##..####
#.# #...#......#
#.#############).###.### ###
#..##.........)..# #...##### #..
##.##....###.....# ##......####..
.#.##.#...≈...#..###.............
.#.###..#...#..####.......).###..
.#.###.##..)##.# #.........##<..


You could see an azure jelly.

Vanquished Creatures
  A centaur warrior (D:9)
  A two-headed ogre (D:8)
  A manticore (D:9)
  An unseen horror (D:8)
  2 hornets
  2 slime creatures (D:9)
  Prince Ribbit (D:5)
  Sigmund (D:5)
  A wyvern (D:8)
  A wraith (D:9)
  5 steam dragons
  Edmund (D:5)
  An acid dragon (D:9)
  3 water moccasins
  Duvessa (D:7)
  An orc warrior (D:9)
  2 sky beasts (D:7)
  4 black bears
  2 ogres (D:4)
  4 ice beasts
  6 centaurs
  A phantom (D:6)
  2 kobold brigands (D:8)
  6 bullfrogs
  2 scorpions
  4 wights (D:6)
  Dowan (D:7)
  12 killer bees
  A howler monkey (D:9)
  5 orc priests
  4 jellies
  3 hounds
  4 iguanas
  7 orc wizards
  6 gnolls
  10 adders
  3 river rats (Sewer)
  A shadow imp (D:6)
  3 white imps
  An ufetubus (D:6)
  22 orcs
  20 ball pythons
  2 bats
  7 endoplasms
  2 giant cockroaches
  8 goblins
  11 hobgoblins
  3 jackals (D:4)
  24 kobolds
  A quokka (D:4)
  2 frilled lizards
  33 rats
253 creatures vanquished.

Vanquished Creatures (others)
  A tengu conjurer (D:9)
  824 foxfires
  3 fungi (D:8)
  4 plants
832 creatures vanquished.

Grand Total: 1085 creatures vanquished

Notes
Turn   | Place    | Note
-------+----------+-------------------------------------------
     0 | D:1      | LustLizard the Hill Orc Fire Elementalist began the quest
                  | for the Orb.
     0 | D:1      | Reached XP level 1. HP: 14/14 MP: 3/3
   197 | D:1      | Reached XP level 2. HP: 22/22 MP: 1/4
   361 | D:1      | Learned a level 2 spell: Scorch
  1116 | D:1      | Reached skill level 1 in Fighting
  1134 | D:1      | Reached XP level 3. HP: 28/28 MP: 0/5
  2239 | D:2      | Found a hide-covered altar of Uskayaw.
  2245 | D:2      | Became a worshipper of Uskayaw the Reveller
  2326 | D:2      | Reached * piety under Uskayaw
  2327 | D:2      | Reached ** piety under Uskayaw
  2371 | D:2      | Reached XP level 4. HP: 35/35 MP: 1/7
  2683 | D:3      | Found a faded altar of an unknown god.
  2756 | D:3      | Found a glowing drain.
  2889 | Sewer    | Entered a sewer
  3154 | Sewer    | Learned a level 3 spell: Swiftness
  3212 | Sewer    | Reached XP level 5. HP: 41/41 MP: 4/8
  3610 | Sewer    | Reached XP level 6. HP: 50/50 MP: 3/9
  3611 | Sewer    | Reached *** piety under Uskayaw
  3612 | Sewer    | Reached skill level 5 in Fire Magic
  3613 | Sewer    | Reached skill level 1 in Air Magic
  3613 | Sewer    | Reached **** piety under Uskayaw
  4035 | D:3      | Found a blossoming altar of Fedhas.
  4670 | D:4      | Reached skill level 1 in Axes
  4717 | D:4      | Reached XP level 7. HP: 56/56 MP: 7/10
  4788 | D:4      | Reached skill level 2 in Axes
  4811 | D:4      | Found a basalt altar of Yredelemnul.
  4884 | D:5      | Entered Level 5 of the Dungeon
  4884 | D:5      | Noticed Prince Ribbit
  4893 | D:5      | Killed Prince Ribbit
  4894 | D:5      | Reached skill level 3 in Axes
  5031 | D:5      | Found Uxteuc's Magic Scroll Shoppe.
  5313 | D:5      | Bought a scroll of blinking for 90 gold pieces
  5374 | D:5      | Reached XP level 8. HP: 44/63 MP: 3/12
  5529 | D:5      | Found a bloodstained altar of Trog.
  5586 | D:5      | Reached skill level 4 in Axes
  5812 | D:5      | Noticed a hornet
  5820 | D:5      | Killed a hornet
  5821 | D:5      | Reached skill level 5 in Conjurations
  6171 | D:5      | Found a sparkling altar of Nemelex Xobeh.
  6361 | D:5      | Noticed Edmund
  6364 | D:5      | Reached skill level 5 in Axes
  6456 | D:5      | Killed Edmund
  6502 | D:5      | Noticed Sigmund
  6505 | D:5      | Killed Sigmund
  6588 | D:6      | Reached XP level 9. HP: 67/72 MP: 14/14
  6657 | D:6      | Reached skill level 6 in Axes
  6658 | D:6      | Reached ***** piety under Uskayaw
  6901 | D:6      | Found a staircase to the Ecumenical Temple.
  6979 | D:6      | Reached skill level 5 in Fighting
  6986 | D:6      | Identified the +1 robe of Fashionability {rC+ Int-3 Dex+3}
  7038 | D:6      | Found a glowing golden altar of the Shining One.
  7038 | D:6      | Found a burning altar of Makhleb.
  7039 | D:6      | Found a snail-covered altar of Cheibriados.
  7303 | D:6      | Found a hide-covered altar of Uskayaw.
  7489 | D:7      | Reached skill level 7 in Axes
  8095 | D:7      | Noticed Dowan
  8098 | D:7      | Noticed Duvessa
  8099 | D:7      | Killed Dowan
  8108 | D:7      | Killed Duvessa
  8109 | D:7      | Reached XP level 10. HP: 65/83 MP: 4/16
  8114 | D:7      | Learned a level 4 spell: Flame Wave
  8118 | D:7      | Learned a level 3 spell: Inner Flame
  8365 | D:7      | Reached skill level 8 in Axes
  8635 | D:8      | Found a staircase to the Lair.
  8692 | D:8      | Reached skill level 1 in Hexes
  8730 | D:8      | Killed an unseen horror
  9393 | D:8      | Noticed a two-headed ogre
  9729 | D:8      | Reached skill level 9 in Axes
 10717 | D:8      | Killed a two-headed ogre
 10855 | D:9      | Noticed a centaur warrior
 10863 | D:9      | Killed a centaur warrior
 10864 | D:9      | Reached skill level 10 in Axes
 10864 | D:9      | Reached XP level 11. HP: 44/92 MP: 13/18
 10865 | D:9      | Noticed Harold
 11019 | D:9      | Noticed an orc knight
 11147 | D:9      | HP: 2/92 [wraith (3)]
 11148 | D:9      | Noticed a manticore
 11164 | D:9      | HP: 2/92 [manticore (10)]
 11165 | D:9      | Found a staircase to the Orcish Mines.
 11351 | D:9      | Killed a manticore
 11405 | D:9      | HP: 3/92 [slime creature (4)]
 11408 | D:9      | Reached skill level 5 in Spellcasting
 11784 | D:9      | Noticed a death knight
 11932 | D:9      | Noticed a catoblepas
 11934 | D:9      | Noticed a dire elephant
 11934 | D:9      | a catoblepas changed into a dire elephant
 11948 | D:9      | Noticed a cyclops
 11990 | D:9      | Noticed an azure jelly
 12154 | D:8      | Slain by an azure jelly (shapeshifter)

Illustrated notes

Levels and vault maps discovered:
D:1:      scummos_arrival_checkerplants, layout_loops_cross,
          minmay_close_crescents
D:2:      layout_basic, basic_altar
D:3:      layout_rooms, marbit_many_paths, hellmonk_ecumenical_altar_run_dry,
          cheibrodos_sewer_entry_sluice, fountainhead,
          amcnicky_mini_corridor_feature
D:4:      layout_basic, mainiacjoe_overflow_catwalk
D:5:      layout_loops_ring, overflow_temple_1_default, trog_hazing_becter,
          serial_shops, nicolae_shop_crystal, sigmund_edmund_badplayer,
          uniq_sigmund, uniq_prince_ribbit1
D:6:      layout_rooms, nicolae_overflow_hidden_temple,
          minmay_temple_entry_ruins
D:7:      layout_loops_cross, uniq_duvessa
D:8:      layout_rooms, dpeg_oklobed_lair, minmay_misc_feat_tiny,
          kennysheep_kite_vault
D:9:      minmay_the_grid_plus [minmay_the_grid_pillar_ring,
          minmay_the_grid_armoury, minmay_the_grid_fan, minmay_the_grid_mess,
          minmay_the_grid_prize_trominoes], layout_rooms, enter_bailey_4,
          uniq_harold

Skill      XL: |  1  2  3  4  5  6  7  8  9 10 11 |
---------------+----------------------------------+-----
Fighting       | 1 2 3 4 5 7 |  7.4
Conjurations   | 2 3 4 5 7 8 9 |  9.0
Fire Magic     | 4 5 6 7 8 |  8.3
Spellcasting   | 2 3 4 5 |  5.0
Air Magic      | 1 2 3 |  3.6
Axes           | 1 3 5 7 10 | 10.7
Hexes          | 2 |  2.0
Dodging        | |  1.5
Stealth        | |  1.5

Action                   |  1- 3 |  4- 6 |  7- 9 | 10-12 || total
-------------------------+-------+-------+-------+-------++-------
Melee: Unarmed           |     2 |       |       |       ||     2
       Punch             |     1 |       |       |       ||     1
       Short sword       |     2 |    17 |    36 |       ||    55
       War axe           |       |       |     7 |    48 ||    55
 Fire: Sling             |    23 |       |       |       ||    23
 Cast: Foxfire           |    61 |   123 |   152 |   165 ||   501
       Scorch            |     4 |     1 |    76 |    79 ||   160
       Inner Flame       |       |       |       |     3 ||     3
       Swiftness         |       |       |       |     1 ||     1
Invok: Stomp             |       |     1 |       |     5 ||     6
Evoke: Wand              |       |       |     7 |       ||     7
  Use: Scroll            |     2 |     4 |     6 |     9 ||    21
       Potion            |       |       |     1 |    11 ||    12
 Stab: Paralysed         |       |       |     1 |     5 ||     6
       Invisible         |       |       |       |     2 ||     2
Armor: Robe              |     3 |       |       |       ||     3
       Leather armour    |       |     3 |    46 |    26 ||    75
       Steam dragon scal |       |       |       |    25 ||    25
       Troll leather arm |       |       |       |    12 ||    12
Dodge: Dodged            |    23 |    12 |    86 |   101 ||   222
